 Dungeon Crawl Stone Soup version 0.24.0-13-gcf9b319 (webtiles) character file.

Game seed: 209732492687597431, levelgen mode: deterministic

73 Bronimir the Ogre Mage (level 4, -1/40 HPs)
             Began as an Ogre Wizard on Mar 26, 2020.
             Slain by an orc
             ... wielding a +0 hand axe
              (2 damage)
             ... on level 2 of the Dungeon.
             The game lasted 00:04:04 (2844 turns).

Bronimir the Ogre Mage (Ogre Wizard)                Turns: 2844, Time: 00:04:05

Health: -1/40      AC:  4    Str: 12    XL:     4   Next: 27%
Magic:  5/10       EV: 10    Int: 19    God:
Gold:   143        SH:  0    Dex:  7    Spells: 5/12 levels left

rFire    . . .     SeeInvis .   a - +0 spear
rCold    . . .     Gourm    .   (no shield)
rNeg     . . .     Faith    .   h - +0 robe
rPois    .         Spirit   .   b - +0 hat
rElec    .         Reflect  .   p - +0 cloak
rCorr    .         Harm     .   (gloves unavailable)
MR       .....                  (boots unavailable)
Stlth    +.........             (no amulet)
HPRegen  0.13/turn              (no ring)
MPRegen  0.12/turn              (no ring)

@: very slightly contaminated
A: large, unfitting armour, tough skin 1
a: no special abilities


You were on level 2 of the Dungeon.
You were near starving.

You visited 1 branch of the dungeon, and saw 3 of its levels.

You collected 143 gold pieces.

Inventory:

Hand Weapons
 a - a +0 spear (weapon)
 n - a +0 mace
 u - a +0 whip
Missiles
 i - 10 bolts
 q - 19 arrows
 r - 32 poisoned darts (quivered)
Armour
 b - a +0 hat (worn)
 h - a +0 robe (worn)
 p - a +0 cloak (worn)
Jewellery
 e - an uncursed amulet of the acrobat {unknown}
Scrolls
 j - 2 scrolls of amnesia {unknown}
 k - 2 scrolls of teleportation {unknown}
 m - a scroll of random uselessness {unknown}
 o - a scroll of remove curse {unknown}
 s - a scroll of identify {unknown}
Potions
 c - a potion of degeneration {unknown}
 f - 3 potions of heal wounds {unknown}
 g - 2 potions of curing {unknown}
 l - a potion of mutation {unknown}
 t - a potion of haste {unknown}
Comestibles
 d - 7 rations


   Skills:
 + Level 0.6 Fighting
 + Level 0.2 Polearms
 * Level 2.2 Dodging
 - Level 1.4 Stealth
 + Level 4.8 Spellcasting
 * Level 1.9 Conjurations
 + Level 0.8 Summonings
 + Level 0.8 Translocations


You had 5 spell levels left.
You knew the following spells:

 Your Spells              Type           Power        Failure   Level  Hunger
a - Magic Dart            Conj           ##..         6%          1    None
b - Blink                 Tloc           N/A          14%         2    #......
c - Call Imp              Summ           #.......     13%         2    #......
d - Slow                  Hex            #.......     19%         2    #......

Your spell library contained the following spells:

 Spells                   Type           Power        Failure   Level  Hunger
 Conjure Flame            Conj/Fire      #.......     26%         3    ##.....
 Mephitic Cloud           Conj/Pois/Air  #.......     28%         3    ##.....


Dungeon Overview and Level Annotations

Branches:
Dungeon (3/15)

Altars:


Innate Abilities, Weirdness & Mutations

You are too large for most types of armour.
You have tough skin. (AC +1)


Message History

* * * LOW HITPOINT WARNING * * *
The orc hits you but does no damage. The kobold hits you but does no damage.
You hit the orc but do no damage.
The orc is heavily wounded.
The orc hits you but does no damage. The orc closely misses you.
The orc hits you with a +0 hand axe.
* * * LOW HITPOINT WARNING * * *
The kobold hits you with a +0 club.
* * * LOW HITPOINT WARNING * * *
The orc hits you.
* * * LOW HITPOINT WARNING * * *
Casting: Magic Dart (safe; 6% risk of failure)
Confirm with . or Enter, or press ? or * to list all spells.
You miscast Blink.
You are very lightly contaminated with residual magic.
The world appears momentarily distorted!
The orc hits you with a +0 club.
* * * LOW HITPOINT WARNING * * *
The orc hits you with a +0 hand axe.
You die...

###P⌠.######P⌠.###....#.#######
#.#####....######.###.#.#
#...........'..##.# #.#.#
#...........##.##.# #.#.#######
#...........##.##.# #.#.##.....
#...........##.##.###.#.##.....
#.....).....##.#........##.....
#...........##o######.####.....
########.#####@K.........'.....
##########.#...o.o......####.....
...........#.############ ######
.###########.# .# #.....#.# .#
#.##'##.###### .# #............#
.# #............# ######## .#
###............# #.......


You could see 3 orcs and a kobold.

Vanquished Creatures
  A gnoll (D:1)
  2 adders (D:2)
  3 worms (D:2)
  2 dart slugs
  2 leopard geckos
  A ball python (D:2)
  3 bats
  8 goblins
  3 hobgoblins
  4 kobolds
  A frilled lizard (D:1)
  2 rats
32 creatures vanquished.

Vanquished Creatures (collateral kills)
  A ball python (D:1)
  A bat (D:1)
2 creatures vanquished.

Grand Total: 34 creatures vanquished

Notes
Turn   | Place    | Note
-------+----------+-------------------------------------------
     0 | D:1      | Bronimir the Ogre Wizard began the quest for the Orb.
     0 | D:1      | Reached XP level 1. HP: 16/16 MP: 5/5
   130 | D:1      | Reached skill level 1 in Conjurations
   269 | D:1      | Reached XP level 2. HP: 24/24 MP: 1/6
   364 | D:1      | Reached skill level 4 in Spellcasting
   610 | D:1      | Learned a level 2 spell: Blink
   613 | D:1      | Learned a level 2 spell: Call Imp
   616 | D:1      | Learned a level 2 spell: Slow
   929 | D:1      | Reached XP level 3. HP: 31/31 MP: 5/8
  1990 | D:2      | Found a faded altar of an unknown god.
  2150 | D:2      | Reached XP level 4. HP: 38/40 MP: 5/10
  2844 | D:2      | HP: 1/40 [orc/+0 club (2)]
  2844 | D:2      | Slain by an orc

Levels and vault maps discovered:
D:1:      minmay_arrival_up_and_down, layout_loops_ring
D:2:      layout_basic, chequers_ecumenical_altar_lobes
D:3:      gammafunk_steamed_eel, layout_rooms

Skill      XL: |  1  2 |
---------------+-------+-----
Conjurations   | 1 |  1.9
Dodging        | 2 |  2.2
Spellcasting   | 4 |  4.8
Fighting       | |  0.6
Polearms       | |  0.2
Stealth        | |  1.4
Summonings     | |  0.8
Translocations | |  0.8

Action                   |  1- 3 |  4- 6 || total
-------------------------+-------+-------++-------
Melee: Spear             |    21 |    42 ||    63
       Unarmed           |     2 |       ||     2
Throw: Dart              |     9 |       ||     9
 Cast: Magic Dart        |    61 |    11 ||    72
       Call Imp          |     2 |       ||     2
  Eat: Chunk             |     4 |       ||     4
Armor: Robe              |    14 |    17 ||    31
Dodge: Dodged            |    40 |    34 ||    74
